Map: 2000 Atmospheres LE

Players

Armani - Winner!

  • Race: Zerg Zerg

Neeb

  • Race: Protoss Protoss

Event: TSL 7

VOD

Have the link to the VOD?

Description

Time

  • Played on: June 19, 2021, 12:09 p.m.
  • Length: 14:00

All games in this series

Show
View Real Time Build Order
Export as new Build Order

Armani Zerg - Winner!

Build Orders: Hatch First, Lurkers 

Get SALT Encoding   

  12  0:00  Drone  
  13  0:12  Overlord  
  13  0:17  Drone  
  14  0:30  Drone x2  
  16  0:49  Hatchery  
  15  0:50  Drone  
  15  0:55  Drone  
  17  0:58  Drone  
  18  1:05  Extractor  
  17  1:15  Spawning Pool  
  17  1:16  Drone  
  17  1:20  Drone  
  18  1:28  Drone  
  19  1:40  Drone  
  20  1:49  Drone  
  21  2:02  Queen x2, Zergling x2  
  21  2:03  Overlord  
  26  2:09  Metabolic Boost  
  26  2:14  Drone x2  
  28  2:22  Drone x2  
  30  2:37  Hatchery  
  30  2:38  Zergling x2  
  30  2:43  Drone x2  
  32  2:48  Queen  
  34  2:54  Overlord  
  35  2:58  Drone x2  
  36  3:12  Zergling x2  
  37  3:14  Zergling x8  
  37  3:16  Drone  
  37  3:19  Drone  
  43  3:29  Drone  
  43  3:30  Spore Crawler  
  43  3:33  Overlord  
  43  3:37  Drone  
  44  3:47  Overlord  
  44  3:48  Queen  
  44  3:49  Queen  
  44  3:50  Drone x2  
  44  3:54  Drone, Spore Crawler  
  44  3:55  Drone x2  
  52  3:57  Drone  
  52  4:02  Drone  
  53  4:03  Drone  
  53  4:08  Drone  
  54  4:12  Drone x4  
  54  4:14  Drone  
  60  4:24  Drone  
  60  4:27  Drone x3  
  60  4:28  Roach Warren  
  60  4:30  Drone  
  63  4:33  Overlord  
  63  4:35  Spore Crawler  
  63  4:37  Drone x2  
  64  4:41  Zergling x2  
  64  4:43  Zergling x2  
  66  4:49  Lair  
  65  4:53  Drone  
  65  4:54  Drone  
  65  4:55  Drone  
  65  4:57  Drone, Extractor  
  65  4:58  Extractor, Drone  
  65  4:59  Drone x4  
  70  5:05  Drone  
  69  5:09  Drone  
  69  5:10  Drone x3  
  73  5:16  Evolution Chamber  
  73  5:17  Drone  
  73  5:18  Overlord  
  73  5:21  Extractor x2, Overlord  
  73  5:27  Drone x2  
  72  5:39  Drone x2  
  73  5:43  Drone  
  73  5:44  Drone x7  
  73  5:45  Hatchery  
  73  5:48  Overseer  
  73  5:49  Drone, Extractor  
  80  5:51  Glial Reconstitution  
  80  5:52  Zerg Missile Weapons Level 1  
  80  5:54  Overlord x2  
  80  6:01  Overseer, Infestation Pit  
  79  6:05  Drone  
  79  6:06  Drone  
  79  6:10  Roach x4  
  79  6:11  Overlord  
  89  6:12  Overlord  
  89  6:13  Overlord  
  89  6:15  Roach x4  
  97  6:21  Roach  
  97  6:24  Roach x2  
  103  6:34  Zergling x6  
  106  6:42  Overlord  
  106  6:43  Drone  
  106  6:45  Drone  
  108  6:48  Ravager, Hydralisk Den  
  108  6:49  Ravager  
  108  6:50  Zergling x16  
  108  6:52  Ravager x2  
  108  6:53  Ravager  
  119  6:59  Ravager  
  119  7:00  Zergling x2  
  119  7:01  Zergling x10  
  126  7:08  Hive  
  126  7:09  Drone  
  126  7:10  Drone  
  126  7:12  Roach x3  
  126  7:14  Zergling x2  
  135  7:18  Overlord  
  135  7:22  Overlord  
  131  7:27  Ravager x3  
  131  7:28  Zergling x4  
  131  7:29  Overlord x2  
  136  7:30  Overlord  
  136  7:32  Overlord  
  136  7:34  Overlord  
  135  7:37  Roach  
  135  7:38  Roach x3  
  135  7:40  Overlord x2  
  135  7:42  Roach x4  
  151  7:44  Zergling x2  
  151  7:47  Lurker Den  
  151  7:50  Drone  
  152  7:52  Drone x3  
  152  7:53  Extractor, Zergling x8  
  152  7:54  Extractor  
  152  7:55  Zerg Missile Weapons Level 2  
  158  8:05  Zergling x14  
  158  8:09  Drone  
  158  8:11  Drone  
  158  8:12  Overlord x2  
  166  8:14  Queen, Overlord  
  166  8:18  Overlord  
  164  8:20  Zergling x6  
  158  8:35  Viper x3  
  158  8:38  Zergling x18  
  158  8:40  Ravager  
  169  8:44  Hydralisk x3  
  170  8:51  Seismic Spines  
  170  8:55  Zergling x12  
  172  9:14  Lurker x3  
  172  9:16  Adrenal Glands  
  175  9:19  Hydralisk x2  
  175  9:22  Zergling x26  
  188  9:28  Pneumatized Carapace  
  188  9:29  Overseer  
  188  9:30  Overseer  
  188  9:31  Drone  
  189  9:32  Drone  
  189  9:35  Drone x2  
  189  9:38  Grooved Spines  
  192  9:41  Spore Crawler x2  
  190  9:46  Lurker x2  
  190  9:49  Drone  
  191  9:53  Evolution Chamber  
  191  9:58  Hydralisk x6  
  199  10:00  Spore Crawler x2  
  199  10:03  Adaptive Talons  
  197  10:07  Drone x2  
  197  10:11  Overseer  
  196  10:24  Lurker  
  196  10:25  Hatchery, Lurker x2  
  178  10:36  Viper  
  178  10:40  Zergling x20  
  178  10:41  Zergling x4  
  169  10:50  Drone x6  
  169  10:55  Hydralisk  
  169  10:56  Hydralisk x5  
  158  11:12  Lurker x3  
  158  11:18  Hydralisk x7  
  161  11:22  Zergling x4  
  177  11:27  Drone  
  177  11:29  Spine Crawler x2  
  177  11:30  Spine Crawler, Zerg Ground Armor Level 1  
  177  11:31  Spine Crawler  
  174  11:33  Lurker  
  174  11:34  Lurker  
  174  11:37  Zergling x6  
  174  11:38  Zergling x2  
  180  11:44  Muscular Augments  
  150  11:58  Roach x8  
  148  12:10  Roach x6  
  146  12:28  Roach x5  
  146  12:29  Roach x4  
  154  12:59  Hydralisk  
  154  13:00  Hydralisk x10  
  145  13:25  Hydralisk x8  
Show
View Real Time Build Order
Export as new Build Order

Neeb Protoss 

Build Orders: 1 Gate Expand, Oracle Opening 

Get SALT Encoding   

  12  0:00  Probe  
  13  0:12  Probe  
  14  0:19  Pylon  
  14  0:24  Probe  
  15  0:37  Probe (Chrono Boost)  
  15  0:39  Gateway  
  16  0:46  Probe (Chrono Boost)  
  17  0:52  Assimilator  
  17  0:53  Probe  
  18  1:05  Probe  
  19  1:17  Probe  
  20  1:26  Nexus  
  20  1:36  Cybernetics Core  
  20  1:39  Probe  
  21  1:44  Assimilator  
  21  1:51  Probe  
  22  1:55  Pylon  
  22  2:04  Probe (Chrono Boost)  
  23  2:10  Adept (Chrono Boost)  
  23  2:15  Probe (Chrono Boost)  
  26  2:19  Probe (Chrono Boost)  
  26  2:21  Stargate  
  27  2:30  Probe  
  27  2:31  Adept (Chrono Boost)  
  27  2:34  Warp Gate  
  30  2:38  Probe  
  30  2:42  Probe  
  32  2:50  Probe  
  33  2:53  Adept  
  33  2:54  Probe  
  36  3:03  Probe  
  36  3:04  Oracle (Chrono Boost)  
  37  3:06  Probe  
  37  3:11  Pylon  
  41  3:15  Probe  
  41  3:18  Probe  
  43  3:22  Gateway  
  44  3:27  Probe  
  44  3:30  Adept  
  44  3:31  Probe  
  47  3:37  Oracle (Chrono Boost)  
  47  3:39  Probe  
  51  3:43  Probe, Pylon  
  52  3:51  Probe  
  53  3:57  Nexus  
  53  3:58  Probe  
  53  4:02  Pylon  
  54  4:06  Nexus  
  54  4:09  Probe  
  55  4:18  Probe  
  55  4:21  Probe  
  55  4:24  Assimilator, Adept  
  57  4:25  Assimilator, Adept  
  57  4:26  Shield Battery  
  57  4:30  Probe  
  62  4:33  Probe  
  62  4:37  Robotics Facility  
  63  4:43  Probe  
  63  4:44  Forge  
  63  4:45  Twilight Council  
  64  4:46  Probe  
  65  4:55  Probe  
  65  4:58  Probe  
  63  5:00  Sentry  
  63  5:01  Zealot  
  60  5:07  Probe  
  60  5:08  Blink (Chrono Boost)  
  60  5:10  Probe  
  62  5:17  Protoss Ground Weapons Level 1 (Chrono Boost), Gateway  
  62  5:18  Probe  
  62  5:19  Probe  
  64  5:22  Probe, Gateway  
  64  5:27  Sentry  
  67  5:30  Probe  
  67  5:31  Probe  
  69  5:41  Probe, Gateway  
  70  5:43  Gateway  
  70  5:45  Probe, Gateway  
  70  5:46  Probe, Sentry  
  70  5:49  Gateway  
  74  5:52  Stalker  
  74  5:53  Probe  
  74  5:56  Warp Prism (Chrono Boost)  
  74  5:57  Assimilator  
  77  6:04  Probe x2  
  81  6:05  Probe  
  81  6:07  Pylon  
  81  6:09  Pylon  
  82  6:11  Sentry  
  82  6:15  Pylon  
  82  6:16  Probe  
  85  6:20  Pylon  
  85  6:26  Observer  
  85  6:29  Stalker x3  
  92  6:36  Stalker  
  94  6:43  Stalker  
  94  6:44  Stalker x3  
  102  6:53  Pylon  
  102  6:56  Pylon  
  102  7:01  Nexus  
  102  7:04  Protoss Ground Weapons Level 2 (Chrono Boost), Pylon  
  102  7:09  Stalker x6  
  114  7:21  Probe  
  114  7:22  Probe x2  
  117  7:27  Stalker x2  
  121  7:32  Stalker x2  
  121  7:33  Stalker x2  
  121  7:34  Probe x2  
  121  7:35  Probe  
  132  7:46  Probe x2  
  132  7:47  Pylon  
  134  7:55  Pylon  
  134  8:00  Stalker x3  
  134  8:02  Probe  
  141  8:06  Charge  
  141  8:07  Pylon  
  141  8:08  Pylon  
  141  8:10  Pylon  
  141  8:11  Pylon  
  141  8:20  Stalker  
  141  8:21  Stalker x4  
  141  8:23  Stalker x3  
  141  8:25  Probe x3  
  158  8:30  Photon Cannon  
  143  8:43  Probe  
  143  8:45  Stalker  
  143  8:46  Stalker x6  
  143  8:48  Probe x2  
  156  8:49  Probe  
  156  8:54  Immortal (Chrono Boost)  
  156  8:57  Probe  
  156  9:01  Probe  
  162  9:03  Probe  
  162  9:04  Probe  
  162  9:05  Pylon  
  164  9:12  Robotics Facility  
  164  9:13  Probe, Assimilator  
  165  9:17  Probe  
  165  9:18  Probe x2  
  165  9:23  Immortal (Chrono Boost), Assimilator  
  172  9:24  Assimilator  
  172  9:25  Probe  
  172  9:26  Photon Cannon  
  172  9:31  Probe x2  
  175  9:41  Templar Archives, Protoss Ground Weapons Level 3 (Chrono Boost)  
  175  9:49  Probe x2  
  175  9:50  Zealot x4  
  185  9:59  Probe x2  
  187  10:01  Probe  
  187  10:03  Pylon  
  188  10:07  Pylon  
  188  10:12  Nexus  
  188  10:13  Pylon  
  188  10:21  Probe, Immortal  
  191  10:34  Zealot x6  
  191  10:35  Zealot x2  
  167  10:51  Probe  
  167  10:55  Zealot x8  
  182  11:03  Probe  
  169  11:09  Templar Archives  
  167  11:18  Probe  
  167  11:21  Forge  
  167  11:22  Cybernetics Core  
  167  11:24  Zealot x7  
  167  11:25  Zealot  
  184  11:29  Fleet Beacon  
  184  11:31  Gateway  
  184  11:33  Gateway  
  184  11:37  Gateway  
  184  11:38  Photon Cannon  
  184  11:40  Photon Cannon  
  184  11:42  Photon Cannon  
  184  11:43  Photon Cannon  
  184  11:45  Pylon  
  180  11:50  Assimilator  
  180  11:53  Assimilator  
  156  11:56  Zealot x3, Immortal (Chrono Boost)  
  156  11:57  Zealot x5  
  168  12:02  Immortal (Chrono Boost)  
  170  12:09  Psionic Storm  
  160  12:18  High Templar x8  
  137  12:41  Observer (Chrono Boost)  
  137  12:43  Archon  
  118  12:53  Zealot x10  
  116  13:18  Zealot x9  
Tags
 
Add a new tag
Caveats
  • Supply blocks, unpowered buildings, or Contaminate may cause inaccurate times.
  • Supply counts are checked every 10 seconds.